 Dungeon Crawl Stone Soup version 0.22-a0-799-g88f5e907b7 (webtiles) character file.

68 Htamos the Poker (level 4, -8/55 HPs)
             Began as a Merfolk Monk on July 21, 2018.
             Was a Believer of Ashenzari.
             Splashed by Ijyb's acid (14 damage)
             ... on level 3 of the Dungeon.
             The game lasted 00:03:40 (2905 turns).

Htamos the Poker (Merfolk Monk)                     Turns: 2905, Time: 00:03:41

Health: -8/55      AC: 22    Str: 11    XL:     4   Next: 19%
Magic:  4/4        EV:  2    Int:  9    God:    Ashenzari [**....]
Gold:   107        SH:  0    Dex: 17    Spells: 3/3 levels left

rFire    . . .     SeeInvis .   a - +0 spear
rCold    . . .     Gourm    .   (no shield)
rNeg     + + +     Faith    .   (armour currently unavailable)
rPois    +         Spirit   .   (helmet currently unavailable)
rElec    .         Reflect  .   (cloak currently unavailable)
rCorr    .         Harm     .   (gloves currently unavailable)
MR       .....     NoTele   +   (boots currently unavailable)
Stlth    +++.......             (no amulet)
HPRegen  0.18/turn              (no ring)
MPRegen  0.09/turn              (no ring)

@: lethally poisoned (-8 -> -14), tree-form
A: (change form in water), (swift swim), (stealthy swim)
a: Curse Item, Scrying, Renounce Religion


You were on level 3 of the Dungeon.
You worshipped Ashenzari.
Ashenzari was pleased with you.
You were not hungry.
You were a tree.
You visited 1 branch of the dungeon, and saw 3 of its levels.

You collected 107 gold pieces.

Inventory:

Hand Weapons
 a - a +0 spear (weapon)
 g - a +0 hunting sling
Missiles
 e - 139 stones (quivered)
Armour
 b - a +0 robe (melded)
 h - a cursed +0 pair of gloves (melded)
 m - a cursed +0 pair of boots (melded)
 q - a +2 helmet (melded)
Jewellery
 j - a +3 ring of protection
 r - an uncursed ring of protection from fire
 s - an uncursed amulet of the acrobat
Scrolls
 i - a scroll of magic mapping {unknown}
 k - 3 scrolls of identify {unknown}
 n - 2 scrolls of teleportation {unknown}
 o - a scroll of enchant armour {unknown}
 p - a scroll of enchant weapon {unknown}
 u - a scroll of immolation {unknown}
Potions
 d - a potion of lignification
 f - a potion of heal wounds {unknown}
 l - a potion of curing {unknown}
Comestibles
 c - 7 rations
 t - 11 chunks of flesh


   Skills:
 + Level 3.7 Fighting
 * Level 5.4 Polearms
 + Level 4.5 Dodging
 * Level 3.3 Stealth


You had 3 spell levels left.
You didn't know any spells.
Your spell library was empty.

Dungeon Overview and Level Annotations

Branches:
Dungeon (3/15)

Altars:
Ashenzari
Qazlal
Xom

Annotations:
D:3 Ijyb


Message History

Your cursed +0 pair of boots melds into your body.
Your +0 robe melds into your body.
Your roots penetrate the ground.
You feel sick. Ijyb completely misses you.
You hit Ijyb but do no damage.
Ijyb is lightly wounded.
Ijyb screams, "No!
No, no, no, no!"
Ijyb hits you but does no damage.
You are more poisoned.
You hit Ijyb but do no damage.
Ijyb is lightly wounded.
You feel sick. Ijyb hits you but does no damage.
You closely miss Ijyb.
Ijyb is lightly wounded.
You feel sick.
You hit Ijyb.
Ijyb is moderately wounded.
You feel sick.
Ijyb zaps a wand.
The bolt of acid hits you!
* * * LOW HITPOINT WARNING * * *
You are splashed with acid!
The acid burns!
You die...

#.# #.# ####.#######
............
####.###############
......# #......#
####..# #......#
#...# #..†...#
####..#######...♣g.#
..÷)........'>.....+,
).###.#######......#
* #.....# ########
..##### #.# #.# ..#
..#


You could see Ijyb.

Vanquished Creatures
  An adder (D:2)
  A worm (D:3)
  A dart slug (D:2)
  3 leopard geckos
  3 orcs (D:3)
  A ball python (D:3)
  7 bats
  2 giant cockroaches (D:3)
  6 goblins
  5 hobgoblins
  4 jackals (D:2)
  4 frilled lizards
  4 kobolds
  5 rats
47 creatures vanquished.

Notes
Turn   | Place    | Note
-------+----------+-------------------------------------------
     0 | D:1      | Htamos the Merfolk Monk began the quest for the Orb.
     0 | D:1      | Reached XP level 1. HP: 18/18 MP: 1/1
   506 | D:1      | Reached XP level 2. HP: 24/24 MP: 2/2
  1132 | D:2      | Reached XP level 3. HP: 16/29 MP: 3/3
  1369 | D:2      | Reached skill level 5 in Polearms
  1555 | D:2      | Found a shattered altar of Ashenzari.
  1592 | D:2      | Became a worshipper of Ashenzari the Shackled
  1592 | D:2      | Reached * piety under Ashenzari
  1592 | D:2      | Reached ** piety under Ashenzari
  1970 | D:3      | Found a shimmering altar of Xom.
  2495 | D:3      | Found a stormy altar of Qazlal.
  2566 | D:3      | Reached XP level 4. HP: 23/37 MP: 4/4
  2890 | D:3      | Noticed Ijyb
  2905 | D:3      | Splashed by Ijyb's acid

Vault maps used:
D:1:      minmay_arrival_shattered_statue
D:2:      ashenzari_altar_1, first_ration
D:3:      lemuel_crystal_altar, nicolae_overflow_crystal_walls, uniq_ijyb

Skill      XL: |  1  2  3 |
---------------+----------+-----
Polearms       | 5 |  5.4
Stealth        | 3 |  3.3
Fighting       | |  3.7
Dodging        | |  4.5

Action                   |  1- 3 |  4- 6 || total
-------------------------+-------+-------++-------
Melee: Spear             |   142 |    36 ||   178
Invok: Curse Item        |     2 |       ||     2
  Use: Potion            |       |     1 ||     1
 Stab: Sleeping          |     9 |     3 ||    12
       Distracted        |     1 |       ||     1
  Eat: Chunk             |     4 |     2 ||     6
Armor: Robe              |    21 |     4 ||    25
       Skin              |       |     1 ||     1
Dodge: Dodged            |    60 |    12 ||    72

Table legend:
 A = Spawn XP
 B = Non-spawn XP
 C = Spawn XP percentage of total XP
 D = Spawn monster count
 E = Non-spawn monster count
 F = Spawn count percentage of total count
 G = Total turns spent on level
                    A         B        C        D         E        F      G
               +---------+---------+-------+---------+---------+-------+---------
         Total |       0 |      98 |   0.0 |       0 |      47 |   0.0 |  2905
               +---------+---------+-------+---------+---------+-------+---------
           D:1 |       0 |      12 |   0.0 |       0 |       8 |   0.0 |   867
           D:2 |       0 |      45 |   0.0 |       0 |      19 |   0.0 |  1078
           D:3 |       0 |      41 |   0.0 |       0 |      20 |   0.0 |   960
               +---------+---------+-------+---------+---------+-------+---------
